 Dungeon Crawl Stone Soup version 0.21-a0-531-gacddea6 (webtiles) character file.

126 AverageBear the Cutter (level 4, -1/27 HPs)
             Began as a Deep Elf Fighter on Dec 13, 2017.
             Killed by divine providence
             ... invoked by an orc priest
              (12 damage)
             ... on level 3 of the Dungeon.
             The game lasted 00:02:33 (1983 turns).

AverageBear the Cutter (Deep Elf Fighter)           Turns: 1983, Time: 00:02:33

Health: -1/27      AC:  9    Str: 19    XL:     4   Next: 84%
Magic:  6/6        EV:  7    Int: 13    God:
Gold:   98         SH:  9    Dex: 14    Spells: 3/3 levels left

rFire    . . .     SeeInvis .   a - +0 rapier
rCold    . . .     Gourm    .   c - +0 shield
rNeg     . . .     Faith    .   b - +0 scale mail
rPois    .         Spirit   .   (no helmet)
rElec    .         Reflect  .   (no cloak)
rCorr    .         Harm     .   (no gloves)
MR       .....                  h - +2 pair of boots
Stlth    ..........             (no amulet)
HPRegen  0.09/turn              (no ring)
MPRegen  0.10/turn              (no ring)

@: mighty
A: no striking features
a: no special abilities


You were on level 3 of the Dungeon.
You were not hungry.

You visited 1 branch of the dungeon, and saw 3 of its levels.

You collected 98 gold pieces.

Inventory:

Hand Weapons
 a - a +0 rapier (weapon)
Armour
 b - a +0 scale mail (worn)
 c - a +0 shield (worn)
 h - a +2 pair of boots (worn)
Scrolls
 j - 2 scrolls of teleportation
 k - a scroll of remove curse
 l - a scroll of identify
Potions
 e - a potion of agility
Comestibles
 f - 3 bread rations
 g - 3 chunks of flesh
 i - a royal jelly


   Skills:
 - Level 2.4 Fighting
 + Level 5.1 Short Blades
 - Level 2.4 Armour
 - Level 2.4 Shields


You had 3 spell levels left.
You didn't know any spells.

Dungeon Overview and Level Annotations

Branches:
Dungeon (3/15)

Altars:
Kikubaaqudgha
Yredelemnul

Annotations:
D:2 2 transporters, Menkaure


Message History

The orc barely misses you.
A rat comes into view.
You feel very mighty all of a sudden. The orc hits you but does no damage.
The orc hits you with a trident.
A rat comes into view.
You hit the orc.
You kill the orc!
The orc hits you with a hand axe.
You puncture the rat!
You kill the rat!
You block the orc's attack.
You puncture the orc!
You kill the orc!
The rat twitches its whiskers.
You closely miss something. Something hits you but does no damage.
You closely miss something.
The orc priest mumbles some strange prayers to Beogh against you.
Beogh smites you!
You die...

.#.... ## .......
.# . ..#....##.#
# .#
.......<.#.##..
...............
###.#.#..##.##..#
.. #....r......#
#.###).##.....#
#...@).# .#.(#
########o##..#..#
..oo.oo.........
########.....#.>
#####.... #.. .


You could see an orc priest and a rat.

Vanquished Creatures
  4 gnolls (D:2)
  2 adders (D:2)
  3 worms
  A dart slug (D:1)
  A leopard gecko (D:1)
  2 orcs (D:3)
  A ball python (D:1)
  A giant cockroach (D:1)
  4 goblins
  4 hobgoblins (D:1)
  8 jackals (D:2)
  A quokka (D:2)
  7 bats
  5 frilled lizards
  7 kobolds
  7 rats
58 creatures vanquished.

Notes
Turn   | Place    | Note
-------+----------+-------------------------------------------
     0 | D:1      | AverageBear the Deep Elf Fighter began the quest for the Orb.
     0 | D:1      | Reached XP level 1. HP: 13/13 MP: 3/3
    69 | D:1      | Reached XP level 2. HP: 18/18 MP: 4/4
   127 | D:1      | Reached skill level 3 in Short Blades
   522 | D:1      | Reached XP level 3. HP: 21/22 MP: 5/5
   894 | D:2      | Reached skill level 4 in Short Blades
   911 | D:2      | Reached XP level 4. HP: 17/27 MP: 6/6
   934 | D:2      | Found a basalt altar of Yredelemnul.
   936 | D:2      | Found an ancient bone altar of Kikubaaqudgha.
   937 | D:2      | Noticed Menkaure
   961 | D:2      | Found a transporter.
   963 | D:2      | Found a transporter.
  1578 | D:2      | Reached skill level 5 in Short Blades
  1983 | D:3      | Killed from afar by an orc priest

Vault maps used:
D:1:      minmay_arrival_semitransparent
D:2:      gammafunk_temple_of_torment
D:3:      nicolae_overflow_hidden_temple, gup_sewer_entry_pipe

Skill      XL: |  1  2  3  4 |
---------------+-------------+-----
Short Blades   | 3 4 5 |  5.1
Fighting       | |  2.4
Armour         | |  2.4
Shields        | |  2.4

Action                   |  1- 3 |  4- 6 || total
-------------------------+-------+-------++-------
Melee: Rapier            |   139 |   102 ||   241
  Use: Scroll            |     3 |     3 ||     6
       Potion            |     3 |     2 ||     5
  Eat: Chunk             |       |     4 ||     4
Armor: Scale mail        |    54 |    85 ||   139
Dodge: Dodged            |    33 |    47 ||    80
Block: Shield            |    62 |    47 ||   109

Table legend:
 A = Spawn XP
 B = Non-spawn XP
 C = Spawn XP percentage of total XP
 D = Spawn monster count
 E = Non-spawn monster count
 F = Spawn count percentage of total count
 G = Total turns spent on level
                    A         B        C        D         E        F      G
               +---------+---------+-------+---------+---------+-------+---------
         Total |       0 |     181 |   0.0 |       0 |      58 |   0.0 |  1983
               +---------+---------+-------+---------+---------+-------+---------
           D:1 |       0 |      42 |   0.0 |       0 |      25 |   0.0 |   536
           D:2 |       0 |     127 |   0.0 |       0 |      29 |   0.0 |  1406
           D:3 |       0 |      12 |   0.0 |       0 |       4 |   0.0 |    41
               +---------+---------+-------+---------+---------+-------+---------
